AoeStats
← Khirs

Oasis

507105542Analyzed
4v4 RM · 15d ago on Sep 16, 2026· 72m 14s· 8 players
Game mode
Random Map
Map size
Large (8 player)
Population
200
Speed
Normal
Resources
Standard
Victory
Conquest
Starting age
Dark Age
Ending age
Imperial Age
RankedLock teamsTeams togetherTeam positionsShared explorationLock speedFull tech treeHidden civsTurbo modeCheats
Victory
Defeat
🇹🇷 Goths · Türkiye
886
+13
🇨🇳 Italians · China
876
+13
🇹🇼 Franks · Taiwan
875
+13
🇪🇸 Chinese · Spain
779
+17
🇩🇪 Mongols · Germany
836
-15
🇺🇸 Burmese · United States
820
-14
🇩🇪 Teutons · Germany
807
-14
🇪🇸 Lithuanians · Spain
786
-13
Cowabunga please
13:02 Feudal Age
13:57 Loom
16:51 Castle Age
16:05 Horse Collar
23:12 Wheelbarrow
24:49 Town Watch
28:39 Imperial Age
26:17 Heavy Plow
26:50 Gold Mining
27:11 Stone Mining
27:46 Scale Mail Armor
28:03 Gambesons
28:15 Treadmill Crane
28:48 Forging
28:49 Squires
29:19 Arson
28:57 Man-at-Arms
30:10 Chain Mail Armor
30:03 Long Swordsman
31:28 Iron Casting
31:19 Fortified Wall
31:17 Town Patrol
31:16 Two-Handed Swordsman
32:38 Gold Shaft Mining
32:27 Hand Cart
33:02 Plate Mail Armor
34:03 Masonry
33:44 Champion
36:51 Chemistry
35:20 Pikeman
36:28 Conscription
37:08 Caravan
37:06 Elite Skirmisher
38:26 Siege Engineers
39:48 Ballistics
40:31 Blast Furnace
39:21 Fletching
42:10 Bodkin Arrow
42:17 Padded Archer Armor
43:48 Bracer
43:42 Halberdier
51:06 Heavy Scorpion
52:28 Murder Holes
SGTSanju
11:36 Feudal Age
13:33 Loom
16:18 Castle Age
15:05 Double-Bit Axe
16:11 Bloodlines
15:52 Horse Collar
21:12 Wheelbarrow
24:28 Heavy Plow
24:56 Bow Saw
26:55 Stone Mining
26:55 Gold Mining
27:42 Scale Barding Armor
29:27 Hand Cart
32:06 Stone Shaft Mining
34:30 Imperial Age
33:27 Husbandry
33:53 Chain Barding Armor
33:44 Forging
34:03 Caravan
36:42 Plate Barding Armor
36:42 Iron Casting
35:51 Cavalier
37:34 Paladin
37:44 Elite Leitis
38:48 Conscription
53:17 Light Cavalry
Sir Fartsalot
11:30 Feudal Age
16:49 Castle Age
17:09 Stone Mining
17:07 Double-Bit Axe
18:03 Horse Collar
21:23 Stone Shaft Mining
21:31 Bow Saw
23:19 Gold Mining
27:24 Gold Shaft Mining
27:03 Padded Archer Armor
30:59 Heavy Plow
31:35 Leather Archer Armor
32:41 Wheelbarrow
32:42 Husbandry
32:52 Bloodlines
33:47 Caravan
34:42 Hand Cart
34:44 Scale Barding Armor
34:49 Forging
34:55 Forging
35:17 Town Watch
36:33 Town Patrol
37:40 Ballistics
40:21 Imperial Age
42:01 Chemistry
40:26 Elite Mangudai
41:27 Conscription
41:28 Drill
40:34 Onager
41:51 Siege Onager
48:25 Squires
47:46 Pikeman
51:15 Parthian Tactics
50:10 Heavy Cavalry Archer
52:04 Heavy Scorpion
53:37 Elite Steppe Lancer
Sir Stinksalot
6:02 Loom
11:30 Feudal Age
12:22 Double-Bit Axe
15:16 Horse Collar
20:33 Castle Age
18:37 Gold Mining
23:38 Bloodlines
24:18 Wheelbarrow
23:58 Forging
23:53 Scale Barding Armor
26:24 Stone Mining
27:16 Hand Cart
27:01 Town Watch
28:10 Heavy Plow
28:34 Chain Barding Armor
28:49 Iron Casting
29:40 Stone Shaft Mining
37:31 Imperial Age
39:32 Crop Rotation
39:43 Bow Saw
41:43 Chemistry
40:49 Siege Engineers
41:05 Ballistics
41:02 Cavalier
42:48 Blast Furnace
42:23 Plate Barding Armor
43:14 Plate Barding Armor
42:55 Paladin
47:31 Conscription
48:32 Crenellations
Garp
12:11 Feudal Age
11:19 Loom
14:37 Double-Bit Axe
17:49 Castle Age
16:37 Town Watch
16:58 Horse Collar
18:58 Heavy Plow
20:31 Squires
21:44 Forging
24:08 Wheelbarrow
23:19 Town Watch
23:41 Gold Mining
24:10 Bow Saw
23:50 Pikeman
27:51 Anarchy
33:42 Imperial Age
32:33 Scale Mail Armor
32:34 Padded Archer Armor
33:10 Iron Casting
33:02 Hand Cart
36:23 Elite Huskarl
37:42 Halberdier
38:43 Chain Mail Armor
39:29 Blast Furnace
38:45 Leather Archer Armor
44:21 Conscription
44:06 Perfusion
53:23 Crop Rotation
Khirs
1:05 Loom
14:21 Feudal Age
14:59 Double-Bit Axe
15:07 Horse Collar
17:31 Stone Mining
24:40 Gold Mining
27:00 Castle Age
25:16 Fletching
28:04 Bodkin Arrow
27:44 Pikeman
30:23 Ballistics
34:13 Imperial Age
32:41 Bow Saw
32:48 Murder Holes
34:07 Stone Shaft Mining
34:12 Gold Shaft Mining
35:58 Conscription
37:34 Chemistry
37:49 Great Wall
38:31 Fortified Wall
39:25 Thumb Ring
39:51 Padded Archer Armor
41:02 Leather Archer Armor
42:17 Bracer
43:39 Wheelbarrow
43:57 Halberdier
45:49 Forging
45:40 Scale Mail Armor
48:19 Ring Archer Armor
48:05 Chain Mail Armor
51:15 Iron Casting
51:11 Plate Mail Armor
51:19 Arrowslits
53:28 Hand Cart
54:30 Blast Furnace
57:44 Two-Man Saw
58:53 Rocketry
59:31 Coinage
59:40 Elite Chu Ko Nu
61:02 Elite Chu Ko Nu
66:32 Capped Ram
67:57 Caravan
68:28 Banking
68:13 Siege Ram
@_@
12:09 Feudal Age
16:39 Castle Age
14:38 Double-Bit Axe
18:58 Bow Saw
20:08 Wheelbarrow
22:16 Town Watch
22:56 Loom
24:00 Hand Cart
23:46 Gold Mining
31:00 Imperial Age
30:43 Forging
30:39 Scale Barding Armor
32:18 Iron Casting
31:16 Cavalier
31:56 Husbandry
31:51 Stone Mining
32:37 Gold Shaft Mining
32:53 Paladin
33:49 Light Cavalry
36:19 Town Patrol
37:57 Chemistry
40:23 Blast Furnace
39:44 Chain Barding Armor
40:07 Conscription
40:46 Caravan
46:53 Chivalry
71:33 Spies/Treason
495556203
0:28 Loom
12:04 Feudal Age
13:22 Wheelbarrow
12:33 Horse Collar
12:41 Double-Bit Axe
12:44 Town Watch
13:48 Gold Mining
20:32 Castle Age
21:40 Hand Cart
21:29 Heavy Plow
21:42 Bow Saw
21:26 Stone Mining
28:02 Padded Archer Armor
27:53 Fletching
32:53 Imperial Age
31:22 Ballistics
30:58 Murder Holes
31:05 Bodkin Arrow
31:28 Leather Archer Armor
32:10 Town Patrol
32:00 Light Cavalry
32:51 Bloodlines
32:42 Husbandry
33:39 Bracer
34:44 Chemistry
34:17 Husbandry
34:50 Ring Archer Armor
35:33 Crop Rotation
36:10 Scale Barding Armor
36:15 Forging
36:07 Scale Mail Armor
35:37 Hussar
37:29 Chain Barding Armor
38:27 Thumb Ring
40:15 Iron Casting
40:16 Plate Barding Armor
39:06 Elite Genoese Crossbowman
40:58 Squires
42:45 Blast Furnace
42:28 Guilds
42:49 Coinage
42:20 Caravan
43:28 Fortified Wall
42:59 Treadmill Crane
43:32 Masonry
57:16 Banking
60:39 Silk Road
70:29 Cavalier
Connection lost

Rejoining the realm…

Still unreachable

The connection could not be restored.

Session expired

The server has moved on; the page needs a fresh start.